 Dungeon Crawl Stone Soup version 0.26-a0-491-g70697cc071 (webtiles) character file.

Game seed: 13191542567356454303

44 BeastOfSaturn the Grasshopper (level 3, -1/28 HPs)
             Began as a Demonspawn Warper on Aug 5, 2020.
             Slain by a water moccasin skeleton (7 damage)
             ... on level 4 of the Dungeon.
             The game lasted 00:02:52 (1561 turns).

BeastOfSaturn the Grasshopper (Demonspawn Warper)   Turns: 1561, Time: 00:02:52

Health: -1/28      AC:  3    Str: 12    XL:     3   Next: 41%
Magic:  6/6        EV: 12    Int: 14    God:
Gold:   72         SH:  0    Dex: 12    Spells: 6/6 levels left

rFire    . . .     SeeInvis .   a - +0 falchion
rCold    . . .     Faith    .   (no shield)
rNeg     . . .     Spirit   .   b - +0 leather armour
rPois    .         Reflect  .   (helmet restricted)
rElec    .         Harm     .   (no cloak)
rCorr    .                      (no gloves)
MR       .....                  (no boots)
Stlth    +.........             (no amulet)
HPRegen  0.09/turn              (no ring)
MPRegen  0.10/turn              (no ring)

@: no status effects
A: horns 1, powered by death 1
a: no special abilities


You were on level 4 of the Dungeon.
You visited 1 branch of the dungeon, and saw 3 of its levels.
You also visited: Ossuary.

You collected 72 gold pieces.

Inventory:

Hand Weapons
 a - a +0 falchion (weapon)
Missiles
 e - 5 boomerangs of dispersal
 f - 8 javelins (quivered)
Armour
 b - a +0 leather armour (worn)
Scrolls
 d - a scroll of blinking
 i - a scroll of remove curse {unknown}
 j - a scroll of teleportation
Potions
 g - a potion of mutation
 h - a potion of resistance


   Skills:
 * Level 2.4 Fighting
 * Level 2.4 Long Blades
 - Level 0.8 Throwing
 * Level 1.5 Armour
 * Level 2.4 Dodging
 - Level 2.0 Spellcasting
   Level 2.6 Translocations


You had 6 spell levels left.
You didn't know any spells.
Your spell library contained the following spells:

 Spells                   Type           Power        Failure   Level
 Blink                    Tloc           N/A          16%         2
 Gell's Gravitas          Tloc           #.........   30%         3
 Lesser Beckoning         Tloc           #.........   30%         3
 Teleport Other           Tloc           #.......     30%         3
 Passage of Golubria      Tloc           N/A          69%         4


Dungeon Overview and Level Annotations

Branches:
Dungeon (4/15)            Ossuary (visited)
 Temple: D:4-7

Altars:


Innate Abilities, Weirdness & Mutations

You have a pair of small horns on your head.
You regenerate a little health from kills.


Message History

You hit the mummy.
You headbutt the mummy, but do no damage.
The mummy is moderately damaged.
The water moccasin skeleton bites you but does no damage.
The quokka zombie misses you.
You riposte.
You hit the quokka zombie.
The quokka zombie is severely damaged.
The goblin zombie hits you but does no damage.
The water moccasin skeleton misses you.
You hit the mummy but do no damage.
The mummy is moderately damaged.
The goblin zombie hits you but does no damage.
The mummy closely misses you. The water moccasin skeleton misses you.
You riposte.
You closely miss the water moccasin skeleton.
You headbutt the water moccasin skeleton!
The water moccasin skeleton is moderately damaged.
You hit the mummy.
The mummy is moderately damaged.
The water moccasin skeleton bites you!
You die...

#...........#
#...........#
.s.........#
.........## #
#.........
####.#..######
........#....#
....#...###MM#
..Z #.....ZM@#
.....#..###ZZ#
.....#>.#....#
.... #..######
.... #... ...
..#. .?. . ≈.≈


You could see 3 mummies, a quokka zombie, a goblin zombie and a water moccasin
skeleton.

Vanquished Creatures
  A worm (D:2)
  3 dart slugs
  2 giant cockroaches (D:1)
  3 goblins (D:2)
  4 hobgoblins
  A quokka (D:2)
  6 bats (D:1)
  A frilled lizard (D:2)
  3 gnoll zombies (Ossuary)
  4 kobolds
  2 kobold zombies (Ossuary)
  An orc zombie (Ossuary)
  3 rats
34 creatures vanquished.

Notes
Turn   | Place    | Note
-------+----------+-------------------------------------------
     0 | D:1      | BeastOfSaturn the Demonspawn Warper began the quest for the
                  | Orb.
     0 | D:1      | Reached XP level 1. HP: 16/16 MP: 3/3
    63 | D:1      | Reached skill level 1 in Armour
   311 | D:1      | Gained mutation: You have a pair of small horns on your
                  | head. [demonic ancestry]
   311 | D:1      | Reached XP level 2. HP: 22/22 MP: 5/5
  1149 | D:2      | Gained mutation: You regenerate a little health from kills.
                  | [demonic ancestry]
  1149 | D:2      | Reached XP level 3. HP: 24/27 MP: 6/6
  1278 | D:2      | You fall into a shaft and drop 2 floors!
  1280 | D:4      | Found a sand-covered staircase.
  1287 | Ossuary  | Entered an ossuary
  1561 | D:4      | Slain by a water moccasin skeleton

Illustrated notes

Levels and vault maps discovered:
D:1:      dpeg_arrival_pits, layout_loops_ring
D:2:      wad_pebble_path, layout_loops_ring
D:4:      layout_basic, minmay_temple_entry_slanted, enter_ossuary_4,
          serial_shops, nicolae_shop_waterfront, uniq_pikel, uniq_ijyb

Skill      XL: |  1 |
---------------+----+-----
Armour         | 1 |  1.5
Dodging        | 2 |  2.4
Long Blades    | 2 |  2.4
Fighting       | |  2.4
Throwing       | |  0.8
Spellcasting   | |  2.0
Translocations | |  2.6

Action                   || total
-------------------------++-------
Melee: Falchion          ||   115
       Headbutt          ||    17
  Use: Scroll            ||     3
       Potion            ||     2
 Stab: Sleeping          ||     1
Armor: Leather armour    ||    32
Dodge: Dodged            ||    96
       Rpst.: Falchion   ||    28

Table legend: (Time is in decaauts)
 A = Elapsed time spent in this place.
 B = Non-inter-level travel time spent in this place.
 C = Inter-level travel time spent in this place.
 D = Time resting spent in this place.
 E = Time spent auto-exploring this place.
 F = Levels seen in this place.
 G = Mean time per level.
                   A        B        C        D        E       F      G
               +--------+--------+--------+--------+--------+-----+--------+
         Total |   1582 |   1567 |     15 |    203 |   1097 |   4 |  395.5 |
       Dungeon |   1307 |   1292 |     15 |      0 |   1093 |   3 |  435.7 |
       Ossuary |    275 |    275 |      0 |    203 |      4 |   1 |  275.0 |
               +--------+--------+--------+--------+--------+-----+--------+

Top non-repeatable levels by time:
     D:1: 1004 daAuts
     D:2: 288 daAuts
 Ossuary: 275 daAuts
     D:4: 13 daAuts
